 Dungeon Crawl Stone Soup version 0.30-a0-439-g9e77e4d916 (webtiles) character file.

Game seed: 9801514320945650706

2043958 ragingrage the Ninja (level 27, 190/190 HPs)
             Began as a Kobold Brigand on Dec 11, 2022.
             Was the Champion of Wu Jian.
             Escaped with the Orb
             ... and 4 runes!
             The game lasted 02:35:42 (88807 turns).

ragingrage the Ninja (Kobold Brigand)              Turns: 88807, Time: 02:35:43

Health: 190/190    AC: 22    Str:  6    XL:     27
Magic:  37/37      EV: 44    Int: 12    God:    Wu Jian [******]
Gold:   5983       SH: 19    Dex: 27    Spells: 29/46 levels left

rFire   + + .      SeeInvis +    c - +9 quick blade (distort)
rCold   + + .      Faith    .    Z - +2 shield of Resistance {rF++ rC++ Will++}
rNeg    + . .      Spirit   .    h - +2 leather armour of Hubris {rPois Slay+5}
rPois   +          Reflect  .    d - +1 helmet of the Earth {SInv}
rElec   +          Harm     .    v - +4 dragonskin cloak
rCorr   +          Rampage  .    f - +2 pair of gloves {infuse}
Will    +++++      Clarity  +    C - +2 pair of boots {Stlth+}
Stlth   ++++......               L - amulet of regeneration
HPRegen 1.31/turn                p - ring "Nimaeq" {rPois rN+ Will+ rCorr EV+4 Int-4}
MPRegen 0.25/turn                j - ring of Dudas {rElec EV+4 Dex+2}

@: studying 4 skills
A: small, no large weapons, nightstalker 3, clarity, weak 2
0: Orb of Zot
}: 4/15 runes: decaying, slimy, silver, gossamer
a: Renounce Religion, Wall Jump, Serpent's Lash, Heavenly Storm


You escaped.
You worshipped Wu Jian.
Wu Jian was exalted by your worship.
You visited 12 branches of the dungeon, and saw 56 of its levels.
You also visited: Trove, Ice Cave, Volcano and Wizlab.

You collected 7895 gold pieces.
You spent 1912 gold pieces at shops.

Inventory:

Hand Weapons
 c - a +9 quick blade of distortion (weapon)
 y - a +0 eudemon blade of holy wrath
Missiles
 e - 18 curare-tipped darts (quivered)
 D - 4 throwing nets
 M - 8 atropa-tipped darts
Armour
 d - the +1 helmet of the Earth (worn) {SInv}
   (You found it on level 2 of the Elven Halls)

   SInv:      It lets you see invisible.
 f - a +2 pair of gloves of infusion (worn)
 h - the +2 leather armour of Hubris (worn) {rPois Slay+5}
   (You found it on level 5 of the Pits of Slime)

   Slay:      It affects your accuracy & damage with ranged weapons and melee
   (+5).
   rPois:     It protects you from poison.
 v - the +4 dragonskin cloak (worn)
   (You took it off Tiamat on level 4 of the Realm of Zot)

   It grants the wearer a chance to resist fire, cold, poison, electricity,
   acid, and negative energy.
 C - a +2 pair of boots of stealth (worn)
 Z - the +2 shield of Resistance (worn) {rF++ rC++ Will++}
   (You acquired it on level 5 of the Pits of Slime)

   rF:        It greatly protects you from fire.
   rC:        It greatly protects you from cold.
   Will:      It greatly increases your willpower.
Jewellery
 j - the ring of Dudas (right hand) {rElec EV+4 Dex+2}
   (You found it on level 2 of the Depths)

   [ring of evasion]

   EV:        It affects your evasion (+4).
   Dex:       It affects your dexterity (+2).
   rElec:     It insulates you from electricity.
 p - the ring "Nimaeq" (left hand) {rPois rN+ Will+ rCorr EV+4 Int-4}
   (You bought it in a shop on level 2 of the Elven Halls)

   [ring of evasion]

   EV:        It affects your evasion (+4).
   Int:       It affects your intelligence (-4).
   rPois:     It protects you from poison.
   rN:        It protects you from negative energy.
   rCorr:     It protects you from acid and corrosion.
   Will:      It increases your willpower.
 L - an amulet of regeneration (around neck)
Wands
 r - a wand of charming (33)
 z - a wand of digging (2)
 I - a wand of mindburst (55)
 J - a wand of iceblast (32)
 S - a wand of light (35)
Scrolls
 k - 4 scrolls of torment
 l - 9 scrolls of immolation
 m - a scroll of enchant armour
 o - 9 scrolls of magic mapping
 q - 3 scrolls of noise
 s - 11 scrolls of teleportation
 t - 8 scrolls of blinking
 E - 8 scrolls of vulnerability
 K - 6 scrolls of poison
 N - 5 scrolls of fog
 O - 15 scrolls of fear
 P - 4 scrolls of silence
 Y - a scroll of brand weapon
Potions
 b - 17 potions of brilliance
 g - 14 potions of might
 i - 17 potions of heal wounds
 n - 5 potions of resistance
 u - 11 potions of invisibility
 w - 9 potions of lignification
 x - 8 potions of attraction
 B - 4 potions of flight
 F - 30 potions of curing
 G - 5 potions of magic
 H - 4 potions of haste
 R - 3 potions of cancellation
 U - 5 potions of berserk rage
 V - 18 potions of ambrosia
 W - 7 potions of mutation
Miscellaneous
 a - a tin of tremorstones (2/2)
 A - a condenser vane
 Q - a phantom mirror
 T - a box of beasts
 X - a phial of floods


   Skills:
 + Level 24.1 Fighting
 - Level 14.3(15.6) Short Blades
 - Level 6.7(9.1) Long Blades
 - Level 6.0 Throwing
 - Level 14.0 Armour
 + Level 22.6 Dodging
 O Level 27 Stealth
 - Level 15.0 Shields
 - Level 10.0 Spellcasting
 - Level 26.0 Hexes
 - Level 5.0 Translocations
 - Level 12.0 Transmutations
 - Level 20.0 Evocations


You had 29 spell levels left.
You knew the following spells:

 Your Spells              Type           Power      Damage    Failure   Level
a - Wereblood             Tmut           34%        N/A       1%          2
b - Tukima's Dance        Hex            62%        N/A       0%          3
c - Enfeeble              Hex            31%        N/A       1%          7
d - Blink                 Tloc           36%        N/A       7%          2
e - Dazzling Flash        Conj/Hex       74%        N/A       1%          3

Your spell library contained the following spells:

 Spells                   Type           Power      Damage    Failure   Level
 Slow                     Hex            100%       N/A       0%          1
 Cause Fear               Hex            31%        N/A       0%          4
 Beastly Appendage        Tmut           68%        N/A       1%          1
 Ensorcelled Hibernation  Hex/Ice        74%        N/A       1%          2
 Inner Flame              Hex/Fire       37%        N/A       1%          3
 Portal Projectile        Hex/Tloc       86%        N/A       1%          3
 Summon Guardian Golem    Hex/Summ       37%        N/A       1%          3
 Fulminant Prism          Conj/Hex       18%        3d10      1%          4
 Leda's Liquefaction      Hex/Erth       18%        N/A       1%          4
 Yara's Violent Unravell  Hex/Tmut       25%        3d11      1%          5
 Sting                    Tmut/Pois      80%        1d7       3%          1
 Apportation              Tloc           36%        N/A       4%          1
 Passwall                 Tmut/Erth      16%        N/A       4%          2
 Metabolic Englaciation   Hex/Ice        18%        N/A       4%          5
 Silence                  Hex/Air        18%        N/A       4%          5
 Summon Mana Viper        Hex/Summ       37%        N/A       4%          5
 Discord                  Hex            31%        N/A       5%          8
 Blade Hands              Tmut           17%        N/A       8%          5
 Spider Form              Tmut/Pois      20%        N/A       10%         3
 Gell's Gravitas          Tloc           18%        N/A       14%         3
 Teleport Other           Tloc           18%        N/A       14%         3
 Momentum Strike          Conj/Tloc      24%        3d8       21%         2
 Ignite Poison            Fire/Tmut/Pois 15%        N/A       22%         3
 Ice Form                 Ice/Tmut       20%        N/A       30%         4
 Foxfire                  Conj/Fire      24%        2x1d5     36%         1
 Freeze                   Ice            24%        1d4       36%         1
 Magic Dart               Conj           24%        1d4       36%         1
 Necrotise                Necr           24%        1d5       36%         1
 Summon Small Mammal      Summ           24%        N/A       36%         1
 Vhi's Electric Charge    Tloc/Air       24%        N/A       36%         3
 Manifold Assault         Tloc           18%        N/A       43%         4
 Passage of Golubria      Tloc           18%        N/A       43%         4
 Call Imp                 Summ           6%         N/A       50%         2
 Cigotuvi's Dreadful Rot  Necr/Pois/Air  12%        N/A       50%         2
 Poisonous Vapours        Pois/Air       12%        N/A       50%         2
 Scorch                   Fire           12%        2d5       50%         2
 Searing Ray              Conj           12%        2d4       50%         2
 Static Discharge         Conj/Air       12%        2-3/arc   50%         2
 Sublimation of Blood     Necr           6%         N/A       50%         2
 Kindle Blastsparks       Fire/Tloc/Air  18%        2d11      50%         3
 Alistair's Intoxication  Tmut/Pois      13%        N/A       65%         5
 Irradiate                Conj/Tmut      10%        3d15      65%         5
 Call Canine Familiar     Summ           6%         N/A       73%         3
 Frozen Ramparts          Ice            12%        1d2       73%         3
 Hailstorm                Conj/Ice       6%         3d4       73%         3
 Mephitic Cloud           Conj/Pois/Air  6%         N/A       73%         3
 Stone Arrow              Conj/Erth      12%        3d7       73%         3
 Swiftness                Air            6%         N/A       73%         3
 Vampiric Draining        Necr           6%         2d6       73%         3
 Iskenderun's Mystic Bla  Conj/Tloc      12%        2d5       78%         4
 Dragon Form              Tmut           17%        N/A       92%         7
 Animate Armour           Summ/Erth      12%        N/A       98%         4
 Animate Dead             Necr           6%         N/A       98%         4
 Flame Wave               Conj/Fire      6%         2d5       98%         4
 Olgreb's Toxic Radiance  Pois           6%         N/A       98%         4
 Sticky Flame             Conj/Fire      6%         2d3       98%         4
 Summon Ice Beast         Ice/Summ       6%         N/A       98%         4
 Summon Lightning Spire   Summ/Air       6%         N/A       98%         4
 Eringya's Noxious Bog    Tmut/Pois      10%        N/A       99%         6
 Statue Form              Tmut/Erth      13%        N/A       99%         6
 Agony                    Necr           6%         N/A       100%        5
 Arcjolt                  Conj/Air       3%         1d13      100%        5
 Borgnjor's Vile Clutch   Necr/Erth      3%         N/A       100%        5
 Fireball                 Conj/Fire      3%         3d4       100%        5
 Freezing Cloud           Conj/Ice/Air   3%         6-21      100%        5
 Iskenderun's Battlesphe  Conj           6%         2d6       100%        5
 Lee's Rapid Deconstruct  Erth           3%         3d5*      100%        5
 Lightning Bolt           Conj/Air       3%         1d14      100%        5
 Conjure Ball Lightning   Conj/Air       3%         3x3d6     100%        6
 Death Channel            Necr           3%         N/A       100%        6
 Dispersal                Tloc           9%         N/A       100%        6
 Iron Shot                Conj/Erth      3%         9d2       100%        6
 Simulacrum               Ice/Necr       3%         N/A       100%        6
 Starburst                Conj/Fire      3%         6d3       100%        6
 Summon Cactus Giant      Summ           3%         N/A       100%        6
 Haunt                    Necr/Summ      3%         N/A       100%        7
 Malign Gateway           Summ/Tloc      6%         N/A       100%        7
 Monstrous Menagerie      Summ           3%         N/A       100%        7
 Orb of Destruction       Conj           3%         9d5       100%        7
 Ozocubu's Refrigeration  Ice            3%         4d8       100%        7
 Spellforged Servitor     Conj/Summ      3%         N/A       100%        7
 Storm Form               Tmut/Air       10%        N/A       100%        7
 Summon Hydra             Summ           3%         N/A       100%        7
 Disjunction              Tloc           9%         N/A       100%        8
 Ignition                 Fire           3%         3d4       100%        8
 Infestation              Necr           3%         N/A       100%        8
 Lehudib's Crystal Spear  Conj/Erth      3%         10d2      100%        8
 Maxwell's Capacitive Co  Air            3%         ∞         100%        8
 Necromutation            Tmut/Necr      10%        N/A       100%        8
 Chain Lightning          Conj/Air       3%         3d4       100%        9
 Fire Storm               Conj/Fire      3%         8d1       100%        9
 Polar Vortex             Ice            3%         N/A       100%        9
 Shatter                  Erth           3%         3d7*      100%        9


Dungeon Overview and Level Annotations

Branches:
Dungeon (15/15)            Temple (1/1) D:4            Lair (5/5) D:11
  Swamp (4/4) Lair:3       Spider (4/4) Lair:3        Slime (5/5) Lair:5
    Orc (2/2) D:10            Elf (3/3) Orc:2        Vaults (5/5) D:14
  Crypt (3/3) Vaults:3       Tomb (0/3) Crypt:3      Depths (4/4) D:15
    Zot (5/5) Depths:4      IceCv (visited)         Volcano (visited)
 WizLab (visited)

Altars:
Ashenzari
Cheibriados
Dithmenos
Elyvilon
Fedhas
Gozag
Hepliaklqana
Kikubaaqudgha
Makhleb
Nemelex Xobeh
Okawaru
Qazlal
Ru
Sif Muna
Trog
Uskayaw
Vehumet
Wu Jian
Xom
Yredelemnul
Zin
The Shining One
Jiyva

Shops:
D:3 (   D:11 (   D:13 (   Orc:2 ([[=   Elf:2 *=   Elf:3 :   Vaults:4 [
Depths:3 ==:

Portals:
Hell: Depths:1 Depths:3 Depths:4
Abyss: Depths:1 Depths:3
Pandemonium: Depths:2
Ziggurat: Depths:4

Annotations:
D:7 Pikel
Abyss:1 DeathPants's ghost, adept VSEn; Roxanne; Taurus's ghost, journeyman MiFi


Innate Abilities, Weirdness & Mutations

You are small and have problems with some larger weapons.
You are completely attuned to the shadows.
You possess an exceptional clarity of mind.
You are very weak. (Str -4)


Message History

Things that are here:
a +0 dagger; 7 stones; a +0 chain mail No target in view!
(D) Dungeon (T) Temple (L) Lair (S) Swamp (N) Spider Nest (M) Slime Pits (O) Orcish Mines (E) Elven Halls (V) Vaults (C) Crypt (W) Tomb (U) Depths (H) Hell (Z) Zot
Where to? (Enter - D:1 @ (x,y), ? - help)
There is a stone staircase leading up here.
You climb upwards.
There is a stone staircase leading down here.
There is a stone staircase leading up here.
You climb upwards.
There is a stone staircase leading down here.
An Orb Guardian comes into view.
You lunge at the Orb Guardian, in a flurry of attacks.
You puncture the Orb Guardian!
Space warps horribly around the Orb Guardian!!
The Orb Guardian is moderately wounded.
You puncture the Orb Guardian!
Space warps around the Orb Guardian.
The Orb Guardian is heavily wounded.
You puncture the Orb Guardian!
Space warps around the Orb Guardian.
The Orb Guardian is severely wounded.
You puncture the Orb Guardian!
Space warps around the Orb Guardian.
The Orb Guardian is almost dead.
The Orb Guardian barely misses you.
You hit the Orb Guardian.
The Orb Guardian is almost dead.
You hit the Orb Guardian.
You kill the Orb Guardian!
The Council accepts your kill.
(D) Dungeon (T) Temple (L) Lair (S) Swamp (N) Spider Nest (M) Slime Pits (O) Orcish Mines (E) Elven Halls (V) Vaults (C) Crypt (W) Tomb (U) Depths (H) Hell (Z) Zot
Where to? (Enter - D:1 @ (x,y), ? - help)
There is an open gate here.
Magic restored.
There is a staircase leading out of the dungeon here.
You have escaped!

...........................####.#
...........................>.....
.................#####.....####.#
.................#...#.....# #.#
...........#######.8.#.....# #.#
..♣.♣.♣.♣..#.........#.....####.#
..........##........##.....#....#
..........'.........#....⌠.#.####
..........'.....@...#...⌠..#.# #
..........'.........#....⌠.#.####
..........##........##...........
..♣.♣.♣.♣..#.........#.....#.####
...........#######.8.#.....#.#
..............^..#...#.......#
.................#####......##
............................#
............................#


There were no monsters in sight!

Vanquished Creatures
  the Royal Jelly (Slime:5)
  3 dread liches
  Tiamat (Zot:4)
  3 ancient liches
  2 orbs of fire (Zot:5)
  Mennas (Crypt:2)
  6 Killer Klowns (Zot:5)
  Vv (Zot:4)
  Saint Roka (Depths:1)
  Xtahua (Crypt:3)
  9 golden dragons
  Jory (Crypt:2)
  2 electric golems (Zot:5)
  The ghost of Omiorith the Warrior, an adept GrFi of Cheibriados (Crypt:2)
  12 tentacled monstrosities
  Asterion (Vaults:2)
  20 Orb Guardians
  2 liches
  Zenata (Crypt:3)
  2 deep elf blademasters (Elf:3)
  Jorgrun (Spider:1)
  5 titans
  5 quicksilver dragons
  2 deep elf master archers
  23 acid blobs
  4 sphinxes
  8 death cobs
  2 Executioners
  10 ancient champions
  4 thorn hunters
  Kirke (Swamp:2)
  3 draconian monks
  3 revenants
  3 tengu reavers
  3 shadow dragons
  7 storm dragons
  4 draconian knights
  3 fenstrider witches (WizLab)
  4 fire giants
  7 rockslimes
  7 azure jellies (Slime:5)
  8 deep elf sorcerers
  2 iron dragons
  15 vault wardens
  4 emperor scorpions
  Louise (Swamp:3)
  3 frost giants
  3 draconian scorchers
  An angel (Zot:1)
  Aizul (Elf:1)
  A caustic shrike zombie (Depths:3)
  3 deep elf elementalists (Elf:3)
  2 spectral juggernauts (Depths:3)
  A curse skull (Crypt:1)
  The ghost of Wator the Zephyrmancer, a journeyman OpTm of Ashenzari (Elf:2)
  3 broodmothers (Spider:4)
  6 draconian shifters
  4 draconian stormcallers
  12 ghouls
  4 orc warlords
  2 ghost moths
  A balrug (Depths:2)
  2 caustic shrike skeletons (Crypt:3)
  4 stone giants
  6 very ugly things
  2 draconian annihilators
  13 ironbound preservers
  2 reapers (IceCv)
  11 quicksilver oozes
  10 vampire knights
  Nessos (Lair:3)
  6 ironbound thunderhulks
  6 green draconians
  5 eleionomae
  5 white draconians
  8 deep elf demonologists
  7 purple draconians
  5 black draconians
  12 dire elephants
  2 bunyips
  16 yellow draconians
  3 spark wasps
  6 deep elf annihilators
  7 red draconians
  The ghost of p00ps00p the Nimble, a journeyman HOFi of Gozag (D:12)
  An eidolon (Crypt:1)
  Snorg (D:13)
  11 deep elf death magi
  Josephine (D:10)
  8 ettins
  3 fire dragons (Depths:4)
  12 jiangshi
  4 shambling mangroves (WizLab)
  5 deep elf high priests
  19 hydras
  4 entropy weavers
  10 yaktaur captains
  7 rakshasas
  4 ice dragons
  33 vault guards
  3 caustic shrike simulacra
  9 great orbs of eyes
  A salamander tyrant (Depths:2)
  5 spriggan air magi
  3 spriggan skeletons
  2 peacekeepers
  A jorogumo (Spider:4)
  4 catoblepae
  An anaconda (shapeshifter) (D:15)
  2 ogre magi
  2 satyrs (WizLab)
  3 death knights
  8 ironbound frosthearts
  6 boulder beetles
  22 death yaks
  7 centaur warriors
  9 deep troll earth magi
  2 radroaches
  5 two-headed ogres
  26 dancing weapons
  8 tengu warriors
  14 alligators
  A spectral fire giant (Depths:3)
  8 deep troll shamans
  3 death scarabs (Spider:3)
  A naga warrior (D:12)
  2 naga sharpshooters (WizLab)
  2 titan zombies (Depths:3)
  16 spriggan berserkers
  A spectral storm dragon (Depths:3)
  18 vampire magi
  14 hell knights
  2 orc high priests (Orc:2)
  3 storm dragon zombies
  A shock serpent (shapeshifter) (Depths:2)
  15 deep elf knights
  2 sun demons (Depths:2)
  3 soul eaters (Depths:2)
  2 goliath frogs
  A titan skeleton (Depths:3)
  2 salamander mystics (Depths:4)
  3 pharaoh ants
  2 sixfirhies (D:4)
  2 death drakes (Depths:2)
  7 iron trolls
  48 skeletal warriors
  52 deep trolls
  4 flayed ghosts
  2 sun moths
  A quicksilver dragon simulacrum (Depths:3)
  2 shadow wraiths
  5 steelbarb worms
  2 spriggan druids (Swamp:3)
  4 swamp dragons
  15 bog bodies
  3 shadow demons (Depths:3)
  2 glowing orange brains
  A storm dragon skeleton (Depths:3)
  An orange crystal statue (Swamp:2)
  2 obsidian statues
  7 wizards
  9 orb spiders
  13 lindwurms
  17 phantasmal warriors
  18 ironbound convokers
  11 orc knights
  5 harpies (Vaults:2)
  2 anaconda skeletons (Crypt:3)
  16 deep elf archers
  20 deep elf pyromancers
  22 deep elf zephyrmancers
  11 necromancers
  16 wolf spiders
  54 ugly things
  5 shining eyes
  3 orc sorcerers
  4 fauns (WizLab)
  A will-o-the-wisp (Swamp:4)
  7 oklob plants
  3 cyclopes
  10 salamanders
  5 manticores
  A sphinx skeleton (Depths:3)
  2 stone giant skeletons (Crypt:3)
  20 moths of wrath
  An iron dragon skeleton (Depths:3)
  A shadow dragon skeleton (Depths:3)
  2 black mambas
  A salamander (shapeshifter) (D:15)
  A guardian serpent (Vaults:2)
  An elephant (shapeshifter) (D:15)
  8 vault sentinels
  4 dire elephant skeletons (Crypt:3)
  18 elephants
  4 smoke demons
  4 gargoyles
  2 eyes of devastation
  2 molten gargoyles (Volcano)
  A shock serpent skeleton (Crypt:3)
  17 cane toads
  A titan simulacrum (Depths:3)
  A shock serpent zombie (Crypt:2)
  2 centaur skeletons (Crypt:3)
  A minotaur zombie (Crypt:3)
  6 torpor snails
  A rime drake (shapeshifter) (Vaults:2)
  A cane toad (shapeshifter) (Vaults:4)
  7 rime drakes
  Psyche (D:8)
  A kobold demonologist (D:12)
  8 komodo dragons
  10 freezing wraiths
  39 yaktaurs
  A hellwing (Depths:2)
  A sea snake zombie (Crypt:1)
  5 demonic crawlers
  2 ice devils (IceCv)
  A human zombie (Vaults:2)
  6 tengu conjurers
  An anaconda simulacrum (IceCv)
  A bunyip simulacrum (Crypt:2)
  A red devil (Volcano)
  A tormentor (Depths:2)
  2 golden dragon simulacra (IceCv)
  4 guardian mummies (Crypt:3)
  An alligator snapping turtle skeleton (Crypt:3)
  A queen bee (Lair:3)
  A harpy zombie (Crypt:1)
  2 death drake zombies
  A death yak skeleton (Crypt:1)
  A ghost moth simulacrum (Spider:3)
  2 sphinx simulacra (Depths:3)
  A tengu simulacrum (Vaults:2)
  6 meliai
  8 trolls
  28 tarantellas
  3 tyrant leeches
  A wind drake (shapeshifter) (Elf:1)
  33 hornets
  2 polar bears
  4 harpy skeletons (Crypt:3)
  10 dream sheep
  95 slime creatures
  A wolf spider simulacrum (Spider:3)
  A satyr zombie (Crypt:3)
  An iron dragon simulacrum (Depths:3)
  A large abomination (Elf:1)
  14 blink frogs
  An ice dragon zombie (Crypt:2)
  A boulder beetle zombie (Crypt:3)
  A human simulacrum (Vaults:1)
  A dream sheep (shapeshifter) (Depths:4)
  2 ettin zombies
  A fire giant simulacrum (Depths:3)
  21 jumping spiders
  A stone giant simulacrum (Crypt:2)
  13 flying skulls
  An air elemental (Orc:2)
  A centaur simulacrum (D:15)
  14 spriggans
  2 shadows
  A black mamba zombie (Crypt:1)
  3 wyverns
  39 yaks
  26 culicivoras
  5 vampires
  4 fire elementals
  2 basilisks
  3 water elementals
  9 wraiths
  A human (D:14)
  6 fire bats
  A neqoxec (Depths:2)
  10 golden eyes
  A minotaur simulacrum (IceCv)
  48 redbacks
  A harpy simulacrum (IceCv)
  12 vampire mosquitoes
  A wind drake skeleton (Crypt:1)
  2 wargs
  A spectral entropy weaver (Spider:3)
  15 swamp worms
  4 hydra simulacra (IceCv)
  A fire bat skeleton (Crypt:3)
  Duvessa (D:4)
  18 water moccasins
  3 floating eyes
  9 swamp drakes
  2 sky beasts
  2 naga skeletons
  35 orc warriors
  An ice beast (shapeshifter) (Depths:1)
  6 black bears
  2 ice beasts
  3 ettin simulacra (IceCv)
  A boggart (Depths:3)
  14 wolves
  12 ogres
  A lemure (D:6)
  A hog skeleton (Crypt:3)
  A lindwurm skeleton (Crypt:2)
  6 centaurs
  2 kobold brigands
  A phantom (D:7)
  7 bullfrogs
  6 elf zombies (Elf:1)
  9 necrophages
  A gnoll sergeant (D:5)
  7 scorpions
  2 earth elementals (Elf:2)
  An elf skeleton (Crypt:2)
  An entropy weaver simulacrum (Spider:3)
  5 wights
  Dowan (D:4)
  A hornet simulacrum (D:14)
  24 killer bees
  A troll skeleton (Crypt:1)
  5 howler monkeys
  2 electric eels (Lair:5)
  9 lava snakes (Volcano)
  A yak skeleton (Crypt:2)
  Crazy Yiuf (D:2)
  17 orc priests
  7 hounds
  24 jellies
  2 gnoll boudas
  Ijyb (D:3)
  6 iguanas
  21 orc wizards
  A scorpion zombie (Crypt:2)
  6 mummies (Crypt:3)
  Robin (D:2)
  An adder (shapeshifter) (Vaults:5)
  5 adders
  25 gnolls
  2 shadow imps
  6 white imps
  An ufetubus (D:4)
  A jelly zombie (Crypt:2)
  A lava snake skeleton (Crypt:2)
  8 worms
  89 orcs
  6 ball pythons
  10 endoplasms
  5 giant cockroaches
  20 goblins
  11 hobgoblins
  3 jackals (D:5)
  8 kobolds
  3 training dummies (D:13)
  A ball python skeleton (Crypt:1)
  7 bats
  4 frilled lizards
  3 rats
  5 briar patches (Lair:2)
  A bush (Crypt:2)
2364 creatures vanquished.

Vanquished Creatures (collateral kills)
  Frederick (Vaults:5)
  the Lernaean hydra (Swamp:4)
  A storm dragon (Zot:4)
  2 vault wardens (Vaults:5)
  A draconian shifter (Zot:4)
  A draconian annihilator (Zot:2)
  A war gargoyle (Vaults:5)
  3 yellow draconians
  A white draconian (Zot:4)
  2 hydras (Swamp:4)
  A skeletal warrior (Crypt:3)
  An oklob plant (Zot:2)
  A moth of wrath (Zot:4)
  A komodo dragon (Lair:3)
  2 flying skulls (Crypt:3)
  3 swamp worms (Lair:3)
  A jelly (Zot:2)
24 creatures vanquished.

Vanquished Creatures (others)
  A pandemonium lord (D:11)
  A death yak (Lair:4)
  A deep elf knight (Elf:3)
  A skeletal warrior (Crypt:3)
  A deep elf pyromancer (Vaults:5)
  A smoke demon (Depths:2)
  An ice devil (D:11)
  A red devil (Volcano)
  2 bloated husks
  A dream sheep (Lair:5)
  An air elemental (Elf:2)
  2 humans (Swamp:2)
  A necrophage (Swamp:1)
  A goblin (D:2)
  6 ball lightnings
  18 fungi
  59 plants
  2 withered plants (D:4)
101 creatures vanquished.

Grand Total: 2489 creatures vanquished

Notes
Turn   | Place    | Note
-------+----------+-------------------------------------------
     0 | D:1      | ragingrage the Kobold Brigand began the quest for the Orb.
     0 | D:1      | Reached XP level 1. HP: 12/12 MP: 1/1
    53 | D:1      | Reached XP level 2. HP: 17/17 MP: 2/2
   202 | D:1      | Reached XP level 3. HP: 21/21 MP: 3/3
   860 | D:2      | Reached skill level 5 in Short Blades
  1052 | D:3      | Reached XP level 4. HP: 21/26 MP: 4/4
  1112 | D:3      | Found Zipneata's Antique Weapon Boutique.
  1266 | D:2      | Noticed Robin
  1386 | D:3      | Found a glowing golden altar of the Shining One.
  1523 | D:3      | Got the Grimoire of the Bruised Spines
  1832 | D:3      | You fall into a shaft and drop 1 floor!
  1860 | D:4      | Found an ancient bone altar of Kikubaaqudgha.
  1901 | D:4      | Noticed an ogre
  1904 | D:4      | Killed an ogre
  1905 | D:4      | Reached XP level 5. HP: 30/30 MP: 5/5
  1966 | D:4      | Reached XP level 6. HP: 33/35 MP: 6/6
  1971 | D:4      | Reached skill level 6 in Stealth
  2012 | D:4      | Noticed Dowan
  2836 | D:2      | Found a runed translucent door.
  2839 | D:2      | Noticed Crazy Yiuf
  2947 | D:2      | Gained mutation: You are frail. (-10% HP) [potion of
                  | mutation]
  2947 | D:2      | Gained mutation: You have a somewhat thin skeletal
                  | structure. (Dex +2, Stealth+) [potion of mutation]
  2955 | D:2      | Killed Robin
  3288 | D:2      | Killed Crazy Yiuf
  3289 | D:2      | Reached skill level 7 in Stealth
  3602 | D:3      | Noticed Ijyb
  3606 | D:3      | Killed Ijyb
  3990 | D:4      | Reached XP level 7. HP: 30/36 MP: 7/7
  3994 | D:4      | Reached skill level 8 in Stealth
  4126 | D:4      | Found a staircase to the Ecumenical Temple.
  4153 | D:4      | Noticed Duvessa
  4154 | Temple   | Entered the Ecumenical Temple
  4186 | Temple   | Became a worshipper of the Wu Jian Council
  4206 | D:4      | Killed Duvessa
  4207 | D:4      | Reached skill level 9 in Stealth
  4225 | D:4      | Killed Dowan
  4262 | D:5      | Entered Level 5 of the Dungeon
  4277 | D:5      | Noticed a +0 dagger
  4278 | D:5      | Found a hide-covered altar of Uskayaw.
  4279 | D:5      | Noticed a +0 dagger
  4390 | D:5      | Found a bloodstained altar of Trog.
  4439 | D:5      | Reached skill level 10 in Stealth
  4456 | D:5      | Found a shadowy altar of Dithmenos.
  4587 | D:5      | Reached XP level 8. HP: 39/39 MP: 8/8
  4708 | D:5      | Reached skill level 11 in Stealth
  4903 | D:5      | Reached skill level 10 in Short Blades
  4931 | D:5      | Reached skill level 12 in Stealth
  5258 | D:5      | Reached skill level 13 in Stealth
  5372 | D:5      | Found a sacrificial altar of Ru.
  5619 | D:6      | Reached skill level 14 in Stealth
  5621 | D:6      | Reached * piety under Wu Jian
  5692 | D:6      | Reached skill level 15 in Stealth
  5692 | D:6      | Reached XP level 9. HP: 25/43 MP: 9/9
  5900 | D:6      | Reached skill level 16 in Stealth
  6071 | D:6      | Reached skill level 17 in Stealth
  6224 | D:6      | Noticed a troll
  6227 | D:6      | Killed a troll
  6228 | D:6      | Reached skill level 18 in Stealth
  6279 | D:6      | Reached skill level 19 in Stealth
  6800 | D:7      | Reached skill level 1 in Evocations
  7131 | D:7      | Found a basalt altar of Yredelemnul.
  7211 | D:7      | Noticed Pikel
  7310 | D:7      | Reached XP level 10. HP: 43/50 MP: 10/10
  7591 | D:8      | Noticed Psyche
  7594 | D:8      | Killed Psyche
  7635 | D:8      | Found a blossoming altar of Fedhas.
  7702 | D:8      | Found an opulent altar of Gozag.
  7985 | D:8      | Found a sparkling altar of Nemelex Xobeh.
  8374 | D:8      | Reached skill level 5 in Fighting
  8374 | D:8      | Reached skill level 5 in Dodging
  8991 | D:8      | Reached ** piety under Wu Jian
  9405 | D:9      | Found an iron altar of Okawaru.
  9482 | D:9      | Found a radiant altar of Vehumet.
  9559 | D:9      | Found a shimmering blue altar of Sif Muna.
  9725 | D:10     | Entered Level 10 of the Dungeon
  9743 | D:10     | Found a staircase to the Orcish Mines.
  9814 | D:10     | Found a hazy altar of Hepliaklqana.
  9858 | D:10     | Found a snail-covered altar of Cheibriados.
  9964 | D:10     | Reached XP level 11. HP: 57/57 MP: 11/11
  9978 | D:10     | Noticed a boulder beetle
  9982 | D:10     | Killed a boulder beetle
 10052 | D:10     | Found a broken altar of Ashenzari.
 10233 | D:10     | Noticed Josephine
 10237 | D:10     | Reached skill level 5 in Throwing
 10238 | D:10     | Killed Josephine
 10239 | D:10     | Reached skill level 20 in Stealth
 10239 | D:10     | Reached skill level 5 in Evocations
 10578 | D:11     | Identified the amulet "Bempy" {Acrobat rF++ Int+5}
 10602 | D:11     | Noticed a two-headed ogre
 10605 | D:11     | Killed a two-headed ogre
 10637 | D:11     | Found a staircase to the Lair.
 10649 | D:11     | Identified a scroll of acquirement
 10649 | D:11     | Acquired a manual of Fighting
 10681 | D:11     | Reached *** piety under Wu Jian
 10783 | D:11     | Found Bepintuxt's Antique Weapon Boutique.
 10788 | D:11     | Bought a pitted dagger for 203 gold pieces
 10788 | D:11     | Identified the +10 dagger of Ointment {holy, rN+ Int+3}
                  | (You bought it in a shop on level 11 of the Dungeon)
 11395 | D:11     | Reached XP level 12. HP: 68/68 MP: 12/12
 11636 | D:12     | Found an iron altar of Okawaru.
 11651 | D:12     | Reached skill level 10 in Fighting
 11979 | D:12     | Found a runed translucent gate.
 11979 | D:12     | Noticed a naga warrior
 11979 | D:12     | Noticed a centaur warrior
 12025 | Lair:1   | Entered Level 1 of the Lair of Beasts
 12185 | Lair:1   | Reached skill level 10 in Dodging
 13390 | Lair:2   | Found a transporter.
 13470 | Lair:2   | Identified the +4 short sword of Capital Punishment
                  | {antimagic, Str+3 Dex+6}
 13490 | Lair:2   | Found a transporter.
 14311 | Lair:2   | Reached XP level 13. HP: 77/77 MP: 13/13
 14496 | Lair:3   | Reached skill level 1 in Armour
 14514 | Lair:3   | Reached **** piety under Wu Jian
 14561 | Lair:3   | Found a hole to the Spider Nest.
 14812 | Lair:3   | Found a dark tunnel.
 14872 | Volcano  | Entered a volcano
 14928 | Volcano  | Found a radiant altar of Vehumet.
 14941 | Volcano  | Reached skill level 10 in Evocations
 15710 | Lair:3   | Noticed a five-headed hydra
 15714 | Lair:3   | Killed a five-headed hydra
 15733 | Lair:3   | Noticed an eight-headed hydra
 15735 | Lair:3   | Found a staircase to the Swamp.
 15736 | Lair:3   | Killed an eight-headed hydra
 16954 | Lair:3   | Reached XP level 14. HP: 86/86 MP: 14/14
 17297 | Lair:3   | Noticed Nessos
 17300 | Lair:3   | Killed Nessos
 17302 | Lair:3   | Reached ***** piety under Wu Jian
 18322 | Lair:4   | Reached skill level 15 in Fighting
 20657 | Lair:5   | Entered Level 5 of the Lair of Beasts
 21140 | Lair:5   | Found a transporter.
 21213 | Lair:5   | Found a transporter.
 21218 | Lair:5   | Noticed Taurus's ghost (journeyman MiFi)
 21957 | Lair:4   | Reached skill level 15 in Dodging
 22278 | Lair:5   | Reached XP level 15. HP: 55/96 MP: 15/15
 22282 | Lair:5   | Learned a level 3 spell: Dazzling Flash
 22336 | Lair:5   | Reached skill level 1 in Hexes
 22777 | Lair:5   | Found a viscous altar of Jiyva.
 22778 | Lair:5   | Found a staircase to the Slime Pits.
 23532 | Lair:5   | Learned a level 3 spell: Tukima's Dance
 24285 | D:12     | Found a runed translucent gate.
 24285 | D:12     | Found a runed translucent gate.
 24419 | D:12     | Identified the +7 great mace "Qefat" {pain, *Slow rElec rC+
                  | rN+}
 24422 | D:12     | Noticed p00ps00p's ghost (journeyman HOFi)
 24992 | Orc:1    | Entered Level 1 of the Orcish Mines
 25238 | Orc:2    | Entered Level 2 of the Orcish Mines
 25240 | Orc:2    | Noticed an orc warlord
 25417 | Orc:1    | Reached ****** piety under Wu Jian
 25986 | Orc:2    | Found a radiant altar of Vehumet.
 26132 | Orc:1    | Killed an orc warlord
 26370 | Orc:2    | Reached skill level 5 in Hexes
 26370 | Orc:2    | Found a staircase to the Elven Halls.
 26585 | Orc:2    | Noticed an orc warlord
 26615 | Orc:2    | Killed an orc warlord
 26913 | Orc:2    | Found Ypto's Antique Armour Boutique.
 26914 | Orc:2    | Found Sonuuvvu's Antique Weapon Shop.
 27060 | Orc:2    | Found Gucrou's Armour Emporium.
 27195 | Orc:2    | Found Kupeh's Jewellery Emporium.
 27217 | Orc:2    | Bought the ring "Jidoeg" {Will+ EV+4 Dex+8} for 981 gold
                  | pieces
 27369 | D:13     | Noticed Snorg
 27372 | D:13     | Killed Snorg
 27417 | D:13     | Found Jiankyga's Firing Range.
 27424 | D:13     | Bought a throwing net for 42 gold pieces
 27479 | D:13     | Identified the +1 robe of Qoif {rElec rF+}
 27741 | D:13     | Reached XP level 16. HP: 102/102 MP: 16/16
 28250 | D:14     | Reached skill level 1 in Shields
 29020 | D:14     | Found a gate to the Vaults.
 29410 | D:15     | Entered Level 15 of the Dungeon
 30232 | D:15     | Reached skill level 5 in Shields
 30755 | D:15     | Found a staircase to the Depths.
 31210 | Elf:1    | Entered Level 1 of the Elven Halls
 31459 | Elf:1    | Reached XP level 17. HP: 98/107 MP: 5/17
 31662 | Elf:1    | Reached skill level 1 in Long Blades
 31743 | Elf:1    | Noticed Aizul
 31746 | Elf:1    | Killed Aizul
 31747 | Elf:1    | Reached skill level 10 in Hexes
 32042 | Elf:1    | Learned a level 7 spell: Enfeeble
 32177 | Elf:1    | You fall into a shaft and drop 1 floor!
 32220 | Elf:2    | Found a runed translucent gate.
 32220 | Elf:2    | Found a runed translucent gate.
 32221 | Elf:2    | Found a runed translucent gate.
 32534 | Elf:2    | Found a runed translucent gate.
 32535 | Elf:2    | Found a runed translucent gate.
 32536 | Elf:2    | Found a runed translucent gate.
 32663 | Elf:2    | Found Uforph's Assorted Antiques.
 32668 | Elf:2    | Bought a scroll of teleportation for 90 gold pieces
 32924 | Elf:2    | Found Fetirch's Jewellery Boutique.
 32929 | Elf:2    | Bought the ring "Nimaeq" {rPois rN+ Will+ rCorr EV+4 Int-4}
                  | for 596 gold pieces
 33092 | Elf:2    | Noticed Wator's ghost (journeyman OpTm)
 33171 | Elf:1    | Found a runed translucent door.
 33303 | Elf:1    | Got the Handbook of the Dead
 33702 | Elf:3    | Entered Level 3 of the Elven Halls
 33709 | Elf:3    | Reached skill level 5 in Long Blades
 33753 | Elf:3    | Found Miemar's Book Boutique.
 33861 | Elf:3    | Reached XP level 18. HP: 83/112 MP: 6/18
 34123 | Elf:3    | Noticed a deep elf blademaster
 34125 | Elf:3    | Killed a deep elf blademaster
 34147 | Elf:3    | Noticed a Brimstone Fiend
 34150 | Elf:3    | Identified the +0 scale mail of Daisies {rN+ Dex+4}
 34150 | Elf:3    | Noticed a deep elf master archer
 34154 | Elf:3    | Killed a deep elf master archer
 34154 | Elf:3    | Identified the +8 war axe of Agony {drain, MP+9 Str+2
                  | Int+2}
 34168 | Elf:3    | Noticed a deep elf master archer
 34452 | Elf:3    | Lost mutation: You are frail. (-10% HP) [potion of
                  | mutation]
 34452 | Elf:3    | Lost mutation: You have a somewhat thin skeletal structure.
                  | (Dex +2, Stealth+) [potion of mutation]
 34452 | Elf:3    | Gained mutation: You are weak. (Str -2) [potion of
                  | mutation]
 34452 | Elf:3    | Gained mutation: Your spells are a little harder to cast,
                  | but a little more powerful. [potion of mutation]
 34452 | Elf:3    | Gained mutation: You are dopey. (Int -2) [potion of
                  | mutation]
 34716 | Elf:3    | Identified the +8 great sword of Uskayaw's Whim {pain,
                  | rC++}
 35110 | Elf:3    | Identified the +7 mace of Kydaaskocin {vorpal, rF- Str+8}
 35114 | Elf:3    | Identified the +10 trident of Darkness {vorpal, rF- rC+
                  | rCorr Int+4}
 35118 | Elf:3    | Noticed a deep elf blademaster
 35126 | Elf:3    | Killed a deep elf blademaster
 35407 | Elf:3    | Got Hopiniom's Atlas of Evil Wanderlust
 35416 | Elf:3    | Got Unaved's Meditations on Imprecation and the Commander
 35417 | Elf:3    | Identified the ring "Cacikock" {Str+4 Dex+6}
 35418 | Elf:3    | Identified the +2 scale mail of the Sharing Gods {Rampage
                  | Regen+ MP-9 Str-5}
 35481 | Elf:3    | Identified the +7 sling of Ydycreck {vorpal, Str+4 Int+4}
 36552 | Swamp:1  | Entered Level 1 of the Swamp
 36713 | Swamp:1  | Found a frozen archway.
 36821 | IceCv    | Entered an ice cave
 37300 | Swamp:1  | Reached XP level 19. HP: 130/130 MP: 19/19
 37431 | Swamp:1  | Reached skill level 10 in Shields
 37868 | Swamp:2  | Found a transporter.
 38070 | Swamp:2  | Noticed Kirke
 38075 | Swamp:2  | Killed Kirke
 38093 | Swamp:2  | Noticed a tentacled monstrosity
 38162 | Swamp:2  | Found a broken altar of Ashenzari.
 38203 | Swamp:2  | Found a transporter.
 38508 | Swamp:2  | Noticed a tentacled monstrosity
 38647 | Lair:5   | Banished Taurus's ghost
 38953 | Swamp:3  | Noticed Roxanne
 38964 | Swamp:3  | Banished Roxanne
 39220 | Swamp:3  | Noticed Louise
 39223 | Swamp:3  | Killed Louise
 39579 | Swamp:4  | Entered Level 4 of the Swamp
 40282 | Swamp:4  | Noticed the 27-headed Lernaean hydra
 40288 | Swamp:4  | Killed the 27-headed Lernaean hydra
 40297 | Swamp:4  | Reached XP level 20. HP: 136/136 MP: 20/20
 40384 | Swamp:4  | Got a decaying rune of Zot
 40567 | Spider:1 | Entered Level 1 of the Spider Nest
 40712 | Spider:1 | Noticed Jorgrun
 40717 | Spider:1 | Killed Jorgrun
 41477 | Spider:1 | Identified the +0 chain mail "Soifaihybb" {rC+}
 42016 | Spider:2 | Reached skill level 15 in Hexes
 42080 | Spider:2 | Reached skill level 21 in Stealth
 42777 | Spider:3 | Noticed DeathPants's ghost (adept VSEn)
 42778 | Spider:3 | Found a transporter.
 42778 | Spider:3 | Found a transporter.
 43542 | Spider:4 | Entered Level 4 of the Spider Nest
 44012 | Spider:4 | Reached XP level 21. HP: 144/144 MP: 21/21
 44354 | Spider:4 | Reached skill level 15 in Evocations
 44640 | Spider:4 | Got a gossamer rune of Zot
 45010 | D:12     | Found an iron altar of Okawaru.
 45094 | D:12     | Killed p00ps00p's ghost
 46315 | Elf:1    | Reached skill level 22 in Stealth
 46573 | Elf:2    | Killed Wator's ghost
 46750 | Elf:2    | Identified the +1 helmet of the Earth {SInv}
 46995 | Vaults:1 | Entered Level 1 of the Vaults
 47027 | Vaults:1 | Found a magical portal.
 47037 | WizLab   | Entered Eringya's Formal Garden
 48293 | WizLab   | Found a blossoming altar of Fedhas.
 49123 | Vaults:1 | Reached skill level 23 in Stealth
 49127 | Vaults:1 | Reached XP level 22. HP: 151/151 MP: 18/22
 51196 | Vaults:2 | Noticed Asterion
 51214 | Vaults:2 | Reached skill level 24 in Stealth
 51232 | Vaults:2 | Killed Asterion
 51503 | Vaults:2 | Found a portal to a secret trove of treasure.
 51859 | Vaults:2 | Identified the +1 hand axe "Doiwoerch" {speed, rElec}
 51871 | Vaults:2 | Reached skill level 25 in Stealth
 52309 | Vaults:2 | Reached XP level 23. HP: 135/156 MP: 0/23
 52636 | Vaults:2 | Got the Parchment of Loathsome Wanderlust
 53391 | Vaults:3 | Found a staircase to the Crypt.
 53532 | Vaults:3 | Reached skill level 26 in Stealth
 53946 | Vaults:3 | Identified the +2 robe "Rurodett" {Drain rElec rCorr Int+3}
 56368 | Vaults:4 | Found Oghesa Deam's Armour Shop.
 58056 | Vaults:5 | Entered Level 5 of the Vaults
 58103 | Vaults:5 | Reached XP level 24. HP: 143/163 MP: 1/23
 58109 | Vaults:5 | Noticed a golden dragon
 58113 | Vaults:5 | Banished a golden dragon
 58144 | Vaults:5 | Noticed a golden dragon
 58150 | Vaults:5 | Killed a golden dragon
 58151 | Vaults:5 | Reached skill level 27 in Stealth
 58288 | Vaults:5 | Noticed an ancient lich
 58295 | Vaults:5 | Killed an ancient lich
 58318 | Vaults:5 | Noticed a golden dragon
 58320 | Vaults:5 | Killed a golden dragon
 58328 | Vaults:5 | Reached skill level 5 in Armour
 58330 | Vaults:5 | Noticed Frederick
 58334 | Vaults:5 | Killed Frederick
 58376 | Vaults:5 | Noticed an ancient lich
 58386 | Vaults:5 | Killed an ancient lich
 58682 | Vaults:5 | Learned a level 2 spell: Blink
 58731 | Vaults:5 | Reached XP level 25. HP: 165/169 MP: 2/23
 58893 | Vaults:5 | Reached skill level 1 in Translocations
 59213 | Vaults:5 | Identified the +6 long sword of Narocsa {freeze, rF+}
 59454 | Vaults:5 | Got the Papyrus of Planar Leadership
 59524 | Vaults:5 | Identified the ring "Gaocw" {rC+ Str+6}
 60016 | Vaults:5 | Got a silver rune of Zot
 60954 | Slime:1  | Entered Level 1 of the Pits of Slime
 62626 | Slime:5  | Entered Level 5 of the Pits of Slime
 63128 | Slime:5  | Found a viscous altar of Jiyva.
 63128 | Slime:5  | Found the +2 Maxwell's thermic engine {flame, freeze}
 63129 | Slime:5  | Noticed the Royal Jelly
 63134 | Slime:5  | Killed the Royal Jelly
 63135 | Slime:5  | Reached skill level 5 in Translocations
 63573 | Slime:5  | Identified the ring of Awe {rElec rF+ Str+6 SInv Stlth+}
 63581 | Slime:5  | Identified the +2 leather armour of Hubris {rPois Slay+5}
 63583 | Slime:5  | Acquired the +2 shield of Resistance {rF++ rC++ Will++}
 63583 | Slime:5  | Found the +2 shield of Resistance {rF++ rC++ Will++}
 63682 | Slime:5  | Identified the +7 great sword of Dismay {pain, Fragile
                  | rPois Str+10 Dex-4}
 63689 | Slime:5  | Got a slimy rune of Zot
 63741 | Slime:5  | Got the Grimoire of Transformation and Creation
 63761 | Slime:5  | Identified the +1 leather armour of the Echidna {Str-4
                  | Int+6 Slay+3}
 64338 | Lair:2   | Identified the ring "Quinav" {rC- rN+ Str+6 Int+5}
 64586 | Depths:1 | Entered Level 1 of the Depths
 64601 | Depths:1 | Noticed Saint Roka
 64606 | Depths:1 | Killed Saint Roka
 65261 | Depths:1 | Found a gateway to Hell.
 65948 | Vaults:5 | Reached XP level 26. HP: 177/177 MP: 17/23
 66526 | Depths:1 | Found a bloodstained altar of Trog.
 66709 | Depths:1 | Found a one-way gate to the infinite horrors of the Abyss.
 67156 | Depths:2 | Reached skill level 10 in Armour
 68013 | Depths:2 | Identified the ring of Dudas {rElec EV+4 Dex+2}
 68448 | Depths:2 | Found a one-way gate leading to the halls of Pandemonium.
 69309 | Depths:3 | You fall into a shaft and drop 1 floor!
 69309 | Depths:4 | Entered Level 4 of the Depths
 69600 | Depths:4 | Found a gate to the Realm of Zot.
 69603 | Depths:4 | Reached skill level 1 in Spellcasting
 70478 | Depths:4 | Found a one-way gateway to a ziggurat.
 70590 | Zot:1    | Entered Level 1 of the Realm of Zot
 70724 | Depths:3 | Found an ancient bone altar of Kikubaaqudgha.
 70818 | Depths:3 | Reached XP level 27. HP: 184/184 MP: 1/27
 71248 | Depths:3 | Identified the +0 cloak "Erghual" {rF+}
 71306 | Depths:3 | Identified the ring of Elyvilon, Charming {rPois Will+
                  | Dex-4 Stlth+}
 71954 | Depths:3 | Found Gixon's Jewellery Shoppe.
 71954 | Depths:3 | Found Paepimi's Jewellery Shoppe.
 71955 | Depths:3 | Found Ere Mug Civo's Book Shop.
 72846 | Vaults:2 | You showed the slimy rune of Zot to enter a treasure trove
 72847 | Trove    | Entered a treasure trove
 73351 | Zot:1    | Reached skill level 5 in Spellcasting
 73825 | Zot:1    | You fall into a shaft and drop 1 floor!
 74312 | Spider:3 | Banished DeathPants's ghost
 78029 | Zot:3    | Identified the +3 robe of the Marlin {Fly rCorr Str-4 SInv}
 78114 | Zot:4    | Found the +4 dragonskin cloak
 78114 | Zot:4    | Noticed Tiamat
 78774 | Zot:4    | Killed Tiamat
 78878 | Zot:4    | Noticed Vv
 78882 | Zot:4    | Killed Vv
 79791 | Zot:5    | Entered Level 5 of the Realm of Zot
 79841 | Zot:5    | Identified the +9 morningstar "Naddunai" {venom, rN+ Int+2
                  | Dex-5}
 80210 | Zot:5    | Noticed a Killer Klown
 80213 | Zot:5    | Killed a Killer Klown
 80214 | Zot:5    | Noticed a dread lich
 80217 | Zot:5    | Killed a dread lich
 80231 | Zot:5    | Noticed an orb of fire
 80235 | Zot:5    | Noticed a Killer Klown
 80236 | Zot:5    | Banished an orb of fire
 80237 | Zot:5    | Noticed a Killer Klown
 80247 | Zot:5    | Killed a Killer Klown
 80256 | Zot:5    | Noticed an ancient lich
 80261 | Zot:5    | Noticed an orb of fire
 80262 | Zot:5    | Gained mutation: You are very weak. (Str -4) [an orb of
                  | fire]
 80269 | Zot:5    | Banished an ancient lich
 80270 | Zot:5    | Noticed a dread lich
 80271 | Zot:5    | Gained mutation: Armour fits poorly on your strangely
                  | shaped body. [an orb of fire]
 80283 | Zot:5    | Gained mutation: You are vulnerable to heat. (rF-) [an orb
                  | of fire]
 80307 | Zot:5    | Killed an orb of fire
 80312 | Zot:5    | Noticed an ancient lich
 80314 | Zot:5    | Killed a dread lich
 80314 | Zot:5    | Banished an ancient lich
 80314 | Zot:5    | Noticed an orb of fire
 80318 | Zot:5    | Noticed a Killer Klown
 80331 | Zot:5    | Killed an orb of fire
 80344 | Zot:5    | Noticed a Killer Klown
 80360 | Zot:5    | Noticed a Killer Klown
 80362 | Zot:5    | Killed a Killer Klown
 80378 | Zot:5    | Killed a Killer Klown
 80379 | Zot:5    | Reached skill level 10 in Spellcasting
 80382 | Zot:5    | Killed a Killer Klown
 80867 | Zot:5    | Killed a Killer Klown
 81047 | Zot:5    | Learned a level 2 spell: Wereblood
 81616 | Vaults:3 | Lost mutation: You are vulnerable to heat. (rF-) [potion of
                  | mutation]
 81616 | Vaults:3 | Lost mutation: Armour fits poorly on your strangely shaped
                  | body. [potion of mutation]
 81616 | Vaults:3 | Lost mutation: Your spells are a little harder to cast, but
                  | a little more powerful. [potion of mutation]
 81616 | Vaults:3 | Lost mutation: You are dopey. (Int -2) [potion of mutation]
 81616 | Vaults:3 | Gained mutation: You possess an exceptional clarity of
                  | mind. [potion of mutation]
 81650 | Crypt:1  | Entered Level 1 of the Crypt
 81745 | Crypt:1  | Reached skill level 1 in Transmutations
 82539 | Crypt:1  | Reached skill level 5 in Transmutations
 82583 | Crypt:1  | Acquired the Papyrus of Mutated Hexing
 83761 | Crypt:2  | Found a runed translucent door.
 84089 | Crypt:2  | Noticed Mennas
 84093 | Crypt:2  | Killed Mennas
 84168 | Crypt:2  | Noticed Omiorith's ghost (adept GrFi)
 84496 | Crypt:2  | Noticed Jory
 84538 | Crypt:2  | Killed Jory
 85047 | Crypt:2  | Killed Omiorith's ghost
 85159 | Crypt:3  | Entered Level 3 of the Crypt
 85216 | Crypt:3  | Reached skill level 10 in Transmutations
 85449 | Crypt:3  | Noticed a dread lich
 85464 | Crypt:3  | Killed a dread lich
 85521 | Crypt:3  | Noticed Zenata
 85542 | Crypt:3  | Killed Zenata
 85720 | Crypt:3  | Found an ancient bone altar of Kikubaaqudgha.
 85773 | Crypt:3  | Identified the +12 plate armour of Too Many Cooks {Str+4
                  | Int+2}
 85879 | Crypt:3  | Found a staircase to the Tomb.
 86349 | Crypt:3  | Found an ancient bone altar of Kikubaaqudgha.
 86409 | Crypt:3  | Noticed an ancient lich
 86419 | Crypt:3  | Killed an ancient lich
 86420 | Crypt:3  | Reached skill level 15 in Shields
 86461 | Crypt:3  | Identified the +5 flail of the Shining One {holy, Contam
                  | rElec Str+5}
 87262 | Crypt:3  | Identified the amulet "Sujie" {RegenMP Rampage Str-4 SInv}
 87397 | Crypt:3  | Noticed Xtahua
 87417 | Crypt:3  | Killed Xtahua
 88150 | Zot:5    | Got the Orb of Zot
 88568 | D:11     | Noticed Gizximn the pandemonium lord
 88580 | D:11     | Killed Gizximn the pandemonium lord
 88807 | D:$      | Escaped with the Orb!

Illustrated notes

Levels and vault maps discovered:
D:1:      wander_arrival_estate, layout_loops_ring
D:2:      layout_loops_cross, minmay_cupped, uniq_crazy_yiuf_cottage, uniq_robin
D:3:      kennysheep_big_flooded_room, layout_basic, lemuel_doored_altar,
          serial_shops, shop, minmay_misc_feat_alley, kennysheep_flooded_box,
          nicolae_wormholes, uniq_ijyb
D:4:      layout_loops_ring, kiku_gazebo_garden_becter,
          minmay_temple_entry_arrows, skrybe_limestone_x, uniq_duvessa
D:5:      layout_loops_cross, dancing_weapons_uskayaw, nicolae_ru_path_of_blood,
          trog_book, mainiacjoe_overflow_six_doors_small, grunt_ministairs_13
D:6:      layout_loops_ring
D:7:      layout_gridville, amcnicky_altar_gilded, uniq_pikel
D:8:      layout_basic, grunt_gozag_statues, nemelex_altar_shiori,
          mainiacjoe_overflow_alcove_2, uniq_psyche
D:9:      layout_roguey, nicolae_sif_muna_little_library,
          mainiacjoe_overflow_alcove_4, kennysheep_mini
D:10:     layout_cave_pools, nicolae_hepliaklqana_hazy_memory,
          ashenzari_conservatory_becter, slow_altar_2, kennysheep_path_1,
          uniq_josephine
D:11:     layout_big_octagon, minmay_lair_entry_grove, serial_shops,
          nicolae_shop_waterfront, minmay_diced_spiral
D:12:     layout_gridville, gammafunk_ghost_fury_of_okawaru, minivault_16,
          okawaru_ov_weapons_minmay
D:13:     layout_irregular_city, kennysheep_decorative_pillar,
          nicolae_shop_firing_range, uniq_snorg
D:14:     layout_basic, grunt_vaults_entry_fortified,
          minmay_misc_feat_nine_boxes
D:15:     gammafunk_enter_depths_forms, layout_long_grid, serial_glass,
          glass_columns_a, glass_columns_a, glass_columns_a, glass_columns_a
Temple:   hellmonk_temple_two_chambers
Lair:1:   layout_gridlike, minmay_hedge_maze, wad_woods_road_01,
          serial_bayou_shore_b, grunt_megastairs_3, infiniplex_staircase_pool
Lair:2:   gammafunk_worm_tunnel, layout_chaotic_city, beast_lair_carwin_7,
          lemuel_fruit_tree
Lair:3:   layout_hall_layers, palyth_hydra_swamp_entry,
          nicolae_spider_entry_orb_guardian, special_room [special_room_bee],
          nicolae_volcano_entry_vermiform, uniq_nessos
Lair:4:   layout_roguey, grunt_megastairs_1
Lair:5:   evilmike_catoblepas_cave, layout_gridlike,
          nicolae_slime_entry_slimehenge, gammafunk_ghost_arena,
          serial_bayou_ford_a, infiniplex_staircase_pool_2, lemuel_fruit_fields
Swamp:1:  layout_basic_swamp, portal_ice_cave_entry_ugly_swarm,
          evilmike_swamp_ruin_house_4, swamp_pool1, hangedman_swamp_ravenous
Swamp:2:  gammafunk_sealed_arena, layout_falls_marsh, serial_swamp_ruin,
          evilmike_swamp_ruin_house_6, evilmike_swamp_ruin_wall,
          evilmike_swamp_ruin_house_3, swamp_pool4, nicolae_swamp_godswood,
          nicolae_swamp_baby_hydras, uniq_kirke
Swamp:3:  layout_basic_swamp, evilmike_swamp_ruin_rubble_2, swamp_pool1,
          nicolae_swamp_well_well_well, uniq_louise, uniq_roxanne
Swamp:4:  swamp_old_school, layout_basic_swamp
Spider:1: spiders_nest_scorpion_pit, uniq_jorgrun
Spider:2: layout_spider_delve, drop_trap, hangedman_spider_mandibles
Spider:3: layout_spider_delve, gammafunk_ghost_mausoleum
Spider:4: hellmonk_spider_rune_endless_swarm
Slime:1:  layout_caves
Slime:2:  cheibrodos_slime_lost_civilization_9, layout_caves, uniq_dissolution
Slime:3:  layout_caves
Slime:4:  layout_caves
Slime:5
Orc:1:    layout_caves, basic_altar, mines3_lemuel
Orc:2:    grunt_orc_community_town_hall, layout_diamond_mine,
          grunt_orc_community_big_house_1, grunt_orc_community_big_house_1,
          grunt_orc_community_house_2, grunt_orc_community_house_3,
          grunt_orc_community_house_3, grunt_orc_community_house_1,
          grunt_orc_community_house_1, grunt_orc_community_house_2, basic_altar
Elf:1:    eino_elf_arrival_shootout, layout_gridlike, minmay_elf_necromancy,
          chequers_big_river, nicolae_danse_macabre, uniq_aizul
Elf:2:    nicolae_elf_blades_crystal_corner, layout_onion_city, serial_shops,
          shop_coins, nicolae_shop_trees, gammafunk_ghost_tricky_traps
Elf:3:    grunt_elf_hall_diamonds, layout_gridlike, minmay_shop_star
Vaults:1: infiniplex_enter_wizlab_water, v_misc_17, nicolae_vaults_alarming,
          v_misc_1, ontoclasm_vaults_misaligned, serial_ice_m,
          ontoclasm_vaults_shuriken, nicolae_vaults_yaktaur_gun_rack,
          layout_vaults_omnigrid
Vaults:2: v_rooms_4, dpeg_vaults_monster_box, ontoclasm_vaults_idyll, v_misc_2,
          vaults_standard_mumra_lines, vaults_room_pools,
          nicolae_vaults_network_s, st_greater_box_1, v_misc_3,
          vaults_room_pool, vaults_room_pool, ontoclasm_vaults_misaligned,
          vaults_mumra_lcd, vaults_dpeg_hooks, layout_vaults_omnibox,
          nicolae_trove_entry_crystal, uniq_asterion
Vaults:3: nicolae_vaults_specimen_jars, minmay_crypt_entry_simple_box, v_misc_9,
          v_misc_28, v_misc_3, nicolae_vaults_arrows, v_misc_26,
          ontoclasm_vaults_gateway, v_alt_pattern_1,
          nicolae_vaults_ninety_degrees, ontoclasm_vaults_pinch,
          grunt_vaults_hallway_short, nicolae_vaults_gold_heap,
          layout_vaults_big_cross
Vaults:4: nicolae_vaults_three_branches, vaults_room_ringed_pool,
          ontoclasm_vaults_ring_small, nicolae_vaults_network_periphery,
          v_misc_9, hangedman_vaults_corner_blocks,
          ontoclasm_vaults_decontamination, vaults_room_semicircle,
          nicolae_vaults_angled_halls, ontoclasm_vaults_ring_square,
          layout_vaults_chaotic_city, serial_shops, nicolae_shop_stone
Vaults:5: serial_shops, uniq_frederick
Crypt:1:  layout_misc_corridors, st_stairs_9, st_vampire_maze,
          grunt_crypt_arrival_split
Crypt:2:  layout_gridlike, hellmonk_ghost_big_iron, uniq_mennas, uniq_jory
Crypt:3:  church_of_pain_bobbens, layout_chaotic_city,
          nicolae_tomb_entry_grand_gallery, basic_altar, uniq_xtahua,
          uniq_zenata
Depths:1: layout_basic, grunt_hell_entry_dis_mu, hangedman_abyss_entry_splay,
          chequers_serial_rivers_micro_b, evilmike_spriggan_trog_shrine,
          uniq_saint_roka
Depths:2: gold_lair_mu, layout_basic, hellmouth_3, gammafunk_ghost_ooze,
          rand_demon_pan_entry_1, hangedman_decor_push
Depths:3: evilmike_negative_zone, layout_cave_shapes, abyss_entry,
          amcnicky_mini_rare_corridor_liquid, pf_hell_entry_great_geh,
          nicolae_keep_em_comin, minmay_shop_grove, uniq_josephina
Depths:4: grunt_twist_and_shout, layout_cave_pools, enter_ziggurat_c,
          hell_entry, minmay_misc_feat_enclosed
Zot:1:    layout_basic
Zot:2:    lemuel_acid_trip, layout_cathedral_of_symmetry
Zot:3:    layout_basic, grunt_megastairs_5, lemuel_elevator
Zot:4:    layout_gridlike, uniq_tiamat, uniq_vv
Zot:5:    layout_misc_corridors

Skill      XL: |  1  2  3  4  5  6  7  8  9 10 11 12 13 14 15 16 17 18 19 20 21 22 23 24 25 26 27 |
---------------+----------------------------------------------------------------------------------+-----
Short Blades   | 3 4 5 7 8 9 10 11 14 | 14.3
Stealth        | 7 10 15 19 20 21 23 25 26 27 | 27.0
Dodging        | 3 6 9 12 13 15 17 18 19 20 22 | 22.6
Evocations     | 1 4 6 9 10 11 12 13 14 15 17 19 20 | 20.0
Fighting       | 3 6 9 12 14 17 18 19 20 21 22 24 | 24.1
Throwing       | 4 6 |  6.0
Armour         | 2 4 5 9 12 14 | 14.0
Hexes          | 6 9 11 13 14 15 16 17 18 20 21 22 26 | 26.0
Shields        | 6 8 9 10 11 15 | 15.0
Long Blades    | 5 6 |  6.7
Translocations | 5 |  5.0
Spellcasting   | 3 10 | 10.0
Transmutations | 12 | 12.0

Action                   |  1- 3 |  4- 6 |  7- 9 | 10-12 | 13-15 | 16-18 | 19-21 | 22-24 | 25-27 || total
-------------------------+-------+-------+-------+-------+-------+-------+-------+-------+-------++-------
Melee: Dagger            |    57 |     5 |    12 |   232 |  1494 |   400 |       |       |       ||  2200
       Short sword       |       |   168 |   336 |   215 |       |   874 |       |       |       ||  1593
       Punch             |       |     2 |     3 |     7 |    23 |       |       |       |       ||    35
       Quick blade       |       |       |       |       |       |   158 |  1527 |  1749 |  3822 ||  7256
 Fire: Shortbow          |       |       |       |    18 |       |       |       |       |       ||    18
Throw: Dart              |       |     2 |     1 |     1 |    47 |     1 |    13 |       |       ||    65
       Throwing net      |       |       |       |       |     2 |       |       |       |       ||     2
 Cast: Wereblood         |       |       |       |       |       |       |       |       |     7 ||     7
       Enfeeble          |       |       |       |       |       |       |       |       |     1 ||     1
Invok: Lunge             |       |       |    30 |    54 |   141 |   133 |   182 |   149 |   338 ||  1027
       Whirlwind         |       |       |     3 |    20 |    89 |   223 |   126 |   262 |   304 ||  1027
       Serpent's Lash    |       |       |       |       |       |     1 |       |       |     1 ||     2
       Heavenly Storm    |       |       |       |       |       |     2 |     1 |     3 |     2 ||     8
 Abil: Wall Jump         |       |       |       |       |       |       |       |     1 |     1 ||     2
       Evoke Invisibilit |       |       |       |       |       |       |       |       |     4 ||     4
Evoke: Wand              |       |       |       |     3 |    13 |     2 |     1 |       |     3 ||    22
       Condenser vane    |       |       |       |       |     2 |     2 |     6 |     1 |     7 ||    18
       Phantom mirror    |       |       |       |       |       |       |     2 |       |     2 ||     4
       Box of beasts     |       |       |       |       |       |       |       |     1 |     5 ||     6
       Tin of tremorston |       |       |       |       |       |       |       |       |     9 ||     9
  Use: Scroll            |       |     6 |     3 |    12 |     9 |    11 |     7 |     7 |    15 ||    70
       Potion            |       |     4 |       |     2 |     2 |     4 |     4 |     2 |    12 ||    30
 Stab: Sleeping          |    24 |    16 |    23 |    75 |    93 |    98 |   154 |    70 |   231 ||   784
       Distracted        |       |       |     2 |     6 |    25 |     9 |    20 |    16 |    48 ||   126
       Invisible         |       |       |       |     1 |     2 |     4 |     2 |       |    32 ||    41
       Held in net/web   |       |       |       |       |     3 |       |       |       |       ||     3
Armor: Robe              |     7 |    29 |    38 |    29 |     5 |    16 |    17 |    20 |    15 ||   176
       Skin              |       |       |       |     5 |    15 |       |       |       |       ||    20
       Leather armour    |       |       |       |       |    84 |       |       |       |   143 ||   227
       Troll leather arm |       |       |       |       |    25 |     6 |    15 |       |       ||    46
Dodge: Dodged            |    21 |    92 |    88 |   202 |   899 |   528 |   549 |   525 |  1686 ||  4590
Block: Buckler           |       |       |       |       |       |   320 |   313 |   279 |    79 ||   991
       Kite shield       |       |       |       |       |       |       |       |       |  1390 ||  1390

Table legend: (Time is in decaauts)
 A = Elapsed time spent in this place.
 B = Non-inter-level travel time spent in this place.
 C = Inter-level travel time spent in this place.
 D = Time resting spent in this place.
 E = Time spent auto-exploring this place.
 F = Levels seen in this place.
 G = Mean time per level.
                   A        B        C        D        E       F      G
               +--------+--------+--------+--------+--------+-----+--------+
         Total |  85240 |  74833 |  10407 |  12675 |  46926 |  60 | 1420.7 |
       Dungeon |  19010 |  15523 |   3487 |   2207 |  10528 |  15 | 1267.3 |
        Temple |     38 |     32 |      6 |      0 |     23 |   1 |   38.0 |
          Lair |  12378 |  10239 |   2139 |   3783 |   4198 |   5 | 2475.6 |
         Swamp |   4161 |   3647 |    514 |    561 |   2147 |   4 | 1040.2 |
   Spider Nest |   4338 |   3934 |    404 |    769 |   2226 |   4 | 1084.5 |
    Slime Pits |   2746 |   2646 |    100 |    673 |   1254 |   5 |  549.2 |
  Orcish Mines |   2481 |   2156 |    325 |    367 |   1182 |   2 | 1240.5 |
   Elven Halls |   5370 |   5118 |    252 |   1051 |   2787 |   3 | 1790.0 |
        Vaults |  11926 |  10656 |   1270 |   1027 |   8011 |   5 | 2385.2 |
         Crypt |   5471 |   5321 |    150 |    207 |   4123 |   3 | 1823.7 |
        Depths |   7778 |   6890 |    888 |    390 |   5310 |   4 | 1944.5 |
           Zot |   7264 |   6398 |    866 |   1097 |   4160 |   5 | 1452.8 |
         Trove |    114 |    114 |      0 |      0 |     51 |   1 |  114.0 |
      Ice Cave |    324 |    324 |      0 |      3 |    140 |   1 |  324.0 |
       Volcano |    510 |    510 |      0 |      7 |    279 |   1 |  510.0 |
        Wizlab |   1324 |   1324 |      0 |    531 |    502 |   1 | 1324.0 |
               +--------+--------+--------+--------+--------+-----+--------+

Top non-repeatable levels by time:
  Lair:3: 3528 daAuts
Vaults:2: 3004 daAuts
  Lair:4: 2627 daAuts
Vaults:1: 2425 daAuts
  Lair:5: 2408 daAuts
    D:15: 2341 daAuts
Depths:3: 2241 daAuts
Vaults:4: 2187 daAuts
 Crypt:3: 2181 daAuts
Vaults:5: 2169 daAuts
Vaults:3: 2139 daAuts
Depths:1: 2136 daAuts
  Lair:1: 2013 daAuts
   Elf:3: 2011 daAuts
Depths:2: 1993 daAuts
